 Dungeon Crawl Stone Soup version 0.27.1-3-gb3d3a73c9e (webtiles) character file.

Game seed: 4566346291741958764

163 Atelerd the Digger (level 5, -3/31 HPs)
             Began as an Octopode Earth Elementalist on Oct 30, 2021.
             Shot with an arrow by a centaur (15 damage)
             ... on level 4 of the Dungeon.
             The game lasted 00:05:35 (4598 turns).

Atelerd the Digger (Octopode Earth Elementalist)    Turns: 4598, Time: 00:05:35

Health: -3/31      AC:  1    Str:  7    XL:     5   Next: 44%
Magic:  9/9        EV: 13    Int: 18    God:
Gold:   188        SH:  0    Dex: 13    Spells: 5/10 levels left

rFire    . . .     SeeInvis .   q - +0 dagger (venom)
rCold    . . .     Faith    .   (no shield)
rNeg     . . .     Spirit   .   (helmet restricted)
rPois    .         Reflect  .   (no amulet)
rElec    .         Harm     .   a - ring of resist corrosion
rCorr    +         Rampage  .   (no ring)
Will     .....                  (no ring)
Stlth    +++.......             (no ring)
HPRegen  0.10/turn              (no ring)
MPRegen  0.11/turn              (no ring)
                                (no ring)
                                (no ring)

@: no status effects
A: almost no armour, amphibious, 8 rings, camouflage 1, gelatinous body 1,
(nimble swimmer 1), tentacles
a: no special abilities


You were on level 4 of the Dungeon.
You visited 1 branch of the dungeon, and saw 4 of its levels.

You collected 188 gold pieces.

Inventory:

Hand Weapons
 e - a +0 short sword
 q - a +0 dagger of venom (weapon)
Missiles
 b - 36 stones
Jewellery
 a - a ring of resist corrosion (left tentacle)
Wands
 l - a wand of acid (14)
Scrolls
 d - 5 scrolls of identify {unknown}
 f - a scroll of torment {unknown}
 h - a scroll of teleportation
 i - a scroll of silence {unknown}
 j - a scroll of noise {unknown}
 m - 2 scrolls of magic mapping {unknown}
Potions
 c - a potion of ambrosia {unknown}
 k - a potion of lignification {unknown}
 n - a potion of haste {unknown}
 o - 2 potions of degeneration {unknown}
 p - a potion of heal wounds {unknown}


   Skills:
 - Level 2.0 Dodging
 - Level 2.6 Stealth
 + Level 3.3 Spellcasting
 + Level 2.9 Transmutations
 + Level 4.2 Earth Magic


You had 5 spell levels left.
You knew the following spells:

 Your Spells              Type           Power      Damage    Failure   Level
a - Sandblast             Erth           36%        2d10      2%          1
p - Petrify               Tmut/Erth      15%        N/A       36%         4

Your spell library contained the following spells:

 Spells                   Type           Power      Damage    Failure   Level
 Passwall                 Tmut/Erth      12%        N/A       5%          2
 Stone Arrow              Conj/Erth      20%        3d8       21%         3
 Bolt of Magma            Conj/Fire/Erth 4%         4d5       94%         5
 Summon Forest            Summ/Tloc      1%         N/A       99%         5
 Eringya's Noxious Bog    Tmut/Pois      4%         N/A       100%        6
 Summon Hydra             Summ           1%         N/A       100%        7
 Shatter                  Erth           9%         3d11*     100%        9


Dungeon Overview and Level Annotations

Branches:
Dungeon (4/15)
 Temple: D:4-7

Altars:


Innate Abilities, Weirdness & Mutations

You cannot wear most types of armour.
You are amphibious.
You can wear up to eight rings at the same time.
Your skin changes colour to match your surroundings (Stealth+).
Your rubbery body absorbs attacks. (AC +1, EV +1)
((You are camouflaged near water. (Stealth+)))
You have tentacles for arms and can constrict up to eight enemies at once.


Message History

You start resting.
Magic restored.
You start resting.
HP restored.
q - a +0 dagger of venom Your +0 dagger of venom begins to drip with poison!
q - a +0 dagger of venom (weapon)
A centaur comes into view.
A centaur is nearby!
A centaur is nearby!
A centaur is nearby!
The centaur wields a +0 shortbow.
The centaur shoots an arrow.
The arrow hits you.
The centaur shoots an arrow.
The arrow hits you!
You are too injured to fight recklessly!
A centaur is nearby!
You are too injured to fight recklessly!
Unknown command.
Casting: Sandblast (safe; 2% risk of failure)
Confirm with . or Enter, or press ? or * to list all spells.
Okay, then.
As you read the scroll labelled OPIENOMEOD, it crumbles to dust.
You feel strangely unstable.
It was a scroll of teleportation.
The centaur shoots an arrow.
The arrow completely misses you.
The centaur shoots an arrow.
The arrow misses you.
The centaur shoots an arrow.
The arrow hits you!
* * * LOW HITPOINT WARNING * * *
Your surroundings suddenly seem different.
You start resting.
A centaur is nearby!
A centaur is nearby!
The centaur shouts!
The centaur shoots an arrow.
The arrow completely misses you.
You see here a +0 mace.
Sorry, you're not good enough to have a special ability.
You feel better.
The centaur shoots an arrow.
The arrow hits you!
* * * LOW HITPOINT WARNING * * *
You feel better.
The centaur shoots an arrow.
The arrow closely misses you.
The centaur shoots an arrow.
The arrow hits you.
The centaur shoots an arrow.
The arrow hits you!
You die...

######### 8...8...# .o......###
## ..## ..8.8.....## #. ...#
#####......## ### ..##...##
##......# #.# ##.#.....##
####..## ###.#####......#..#
#...#####)....##......##..#
#.....##..@#..##..........# ###
##.............##...##[....#
..####.................##.##.....
..#.##..8.#......................
............##)....c......#.#...#
........8...............#####....
..#.##..................# ##.....
..###...8...............###......
#.# ..#........###......##.......


You could see a centaur.

Vanquished Creatures
  2 orc wizards (D:3)
  2 adders
  A worm (D:3)
  2 dart slugs
  12 orcs
  3 ball pythons
  8 endoplasms
  4 giant cockroaches
  6 goblins
  7 hobgoblins
  2 jackals (D:2)
  4 quokkas
  3 bats
  4 frilled lizards
  6 kobolds
  5 rats
71 creatures vanquished.

Vanquished Creatures (others)
  A minotaur (D:1)
  A palentonga (D:1)
  A merfolk (D:1)
  A troll (D:1)
  A spriggan (D:1)
  A formicid (D:1)
  A human (D:1)
  A demonspawn (D:1)
  A tengu (D:1)
  A barachi (D:1)
  A gnoll (D:1)
  A kobold (D:1)
  4 tentacles (D:1)
16 creatures vanquished.

Grand Total: 87 creatures vanquished

Notes
Turn   | Place    | Note
-------+----------+-------------------------------------------
     0 | D:1      | Atelerd the Octopode Earth Elementalist began the quest for
                  | the Orb.
     0 | D:1      | Reached XP level 1. HP: 11/11 MP: 3/3
     0 | D:1      | Noticed a tengu
     0 | D:1      | Noticed a human
     0 | D:1      | Noticed a troll
     0 | D:1      | Noticed a spriggan
     0 | D:1      | Noticed a barachi
     0 | D:1      | Noticed a demonspawn
     0 | D:1      | Noticed a kraken
     0 | D:1      | Noticed a minotaur
     0 | D:1      | Noticed a formicid
     0 | D:1      | Noticed a merfolk
     0 | D:1      | Noticed a palentonga
     4 | D:1      | Killed a spriggan
     6 | D:1      | Killed a troll
     9 | D:1      | Killed a merfolk
    10 | D:1      | Killed a formicid
    10 | D:1      | Killed a barachi
    12 | D:1      | Killed a palentonga
    12 | D:1      | Killed a minotaur
    13 | D:1      | Killed a human
    14 | D:1      | Killed a demonspawn
    15 | D:1      | Killed a tengu
   497 | D:1      | Reached XP level 2. HP: 13/17 MP: 5/5
  1505 | D:2      | Reached XP level 3. HP: 21/21 MP: 4/6
  2059 | D:2      | Found a faded altar of an unknown god.
  2626 | D:2      | Reached XP level 4. HP: 27/27 MP: 8/8
  3206 | D:3      | Reached skill level 4 in Earth Magic
  3445 | D:3      | Reached XP level 5. HP: 31/31 MP: 7/9
  3473 | D:3      | Learned a level 4 spell: Petrify
  4540 | D:4      | Noticed a centaur
  4598 | D:4      | Shot with an arrow by a centaur

Illustrated notes

Levels and vault maps discovered:
D:1:      nicolae_arrival_kraken_aquarium_a, layout_basic, moated_statue
D:2:      layout_rooms, hellmonk_ecumenical_altar_lost_god, minmay_fountain_box,
          patterned_corridor
D:3:      layout_loops_cross
D:4:      layout_cave_pools, minmay_temple_entry_mini_moons,
          serial_column_ruins, column_ruins_columns_straight,
          column_ruins_open_small, column_ruins_corridor_straight

Skill      XL: |  1  2  3  4 |
---------------+-------------+-----
Transmutations | 2 |  2.9
Spellcasting   | 3 |  3.3
Earth Magic    | 4 |  4.2
Dodging        | |  2.0
Stealth        | |  2.6

Action                   |  1- 3 |  4- 6 || total
-------------------------+-------+-------++-------
Melee: Short sword       |    44 |    48 ||    92
       Unarmed           |     2 |       ||     2
       Constrict         |    10 |    13 ||    23
       Tentacles         |     5 |     6 ||    11
 Cast: Sandblast         |    29 |    28 ||    57
  Use: Potion            |       |     3 ||     3
       Scroll            |       |     1 ||     1
 Stab: Sleeping          |     7 |     8 ||    15
Armor: Skin              |     6 |     4 ||    10
Dodge: Dodged            |    32 |    37 ||    69
